 Dungeon Crawl Stone Soup version 0.31-a0-152-g6aa68a64a1 (webtiles) character file.

Game seed: 10638426308854962841

648 Jeffwins the Sneak (level 7, -2/45 HPs)
             Began as an Octopode Wanderer on June 9, 2023.
             Was an Initiate of Vehumet.
             Shot with an arrow by a centaur (5 damage)
             ... on level 5 of the Dungeon.
             The game lasted 00:08:53 (5344 turns).

Jeffwins the Sneak (Octopode Wanderer)              Turns: 5344, Time: 00:08:53

Health: -2/45      AC:  5    Str: 10    XL:     7   Next: 53%
Magic:  9/11       EV: 12    Int: 24    God:    Vehumet [......]
Gold:   286        SH:  0    Dex: 11    Spells: 4/12 levels left

rFire   . . .        a - +2 sling (flame)
rCold   . . .        (no shield)
rNeg    . . .        c - +0 hat
rPois   .            (no amulet)
rElec   .            I - +6 ring of intelligence
rCorr   .            O - +4 ring of protection
SInv    .            (no ring)
Will    .....        (no ring)
Stlth   ++++         (no ring)
HPRegen 0.27/turn    (no ring)
MPRegen 0.12/turn    (no ring)
                     (no ring)

%: no passive effects
@: no status effects
A: almost no armour, amphibious, 8 rings, camouflage 1, gelatinous body 1,
(nimble swimmer 1), tentacles
a: Renounce Religion


You were on level 5 of the Dungeon.
You worshipped Vehumet.
Vehumet was noncommittal.
You visited 2 branches of the dungeon, and saw 6 of its levels.

You collected 286 gold pieces.


Innate Abilities, Weirdness & Mutations

You cannot wear most types of armour.
You are amphibious.
You can wear up to eight rings at the same time.
Your skin changes colour to match your surroundings (Stealth+).
Your rubbery body absorbs attacks. (AC +1, EV +1)
((You are camouflaged when in or above water. (Stealth+)))
You have tentacles for arms and can constrict up to eight enemies at once.


   Skills:
 + Level 2.1 Fighting
 * Level 2.2 Ranged Weapons
 + Level 4.8 Stealth
 * Level 3.2 Spellcasting
 * Level 2.4 Conjurations
 * Level 2.8 Transmutations
 * Level 3.0 Air Magic
 * Level 4.1 Poison Magic
 + Level 2.5 Evocations


You had 4 spell levels left.
You knew the following spells:

 Your Spells              Type           Power      Damage    Failure   Level
c - Mephitic Cloud        Conj/Pois/Air  19%        N/A       9%          3
x - Shock                 Conj/Air       68%        1d7       3%          1
z - Sting                 Tmut/Pois      80%        1d7       2%          1
X - Ignite Poison         Fire/Tmut/Pois 15%        N/A       12%         3

Your spell library contained the following spells:

 Spells                   Type           Power      Damage    Failure   Level


Inventory:

Hand Weapons
 a - a +2 sling of flaming (weapon)
 m - a +2 dagger of holy wrath
 r - the +5 dagger of Ruination {drain, Drain rElec Int+4 Dex-3}
   (You found it on level 4 of the Dungeon)

   Int:       It affects your intelligence (+4).
   Dex:       It affects your dexterity (-3).
   rElec:     It insulates you from electricity.
   Drain:     It drains your maximum health when unequipped.
 u - a +2 dagger of freezing
 v - a +1 dagger of venom
Armour
 c - a +0 hat (worn)
 e - an orb of guile
Jewellery
 I - a +6 ring of intelligence (left tentacle)
 O - a +4 ring of protection (right tentacle)
Scrolls
 b - a scroll of blinking
 g - a scroll of enchant weapon
 k - a scroll of vulnerability {!r}
Potions
 f - 2 potions of curing {unknown}
 i - a potion of cancellation {unknown}
 l - a potion of heal wounds {unknown}
 n - a potion of magic {unknown}
 o - a potion of attraction {unknown}
 q - a potion of invisibility {unknown}
 s - a potion of experience {unknown}
 t - a potion of resistance {unknown}
 w - a potion of enlightenment {unknown}

Dungeon Overview and Level Annotations

Branches:
Dungeon (5/15)             Temple (1/1) D:5

Altars:
Ashenzari
Cheibriados
Dithmenos
Fedhas
Gozag
Hepliaklqana
Kikubaaqudgha
Makhleb
Nemelex Xobeh
Ru
Sif Muna
Trog
Uskayaw
Vehumet
Wu Jian
Yredelemnul
Zin
The Shining One

Annotations:
D:4 3 runed translucent doors, knightboat's ghost, amateur BaWr

#######
###.....##.#
#$...@.....#
#..$......##
#...$.....#
#.....c...#
#.........#
#.......###
##....#.#
#.......


You could see a centaur (very poisoned).


Message History

The centaur shouts!
The centaur wields a +4 orcbow of freezing.
It is covered in frost.
The centaur shoots an arrow.
The arrow hits you! The arrow freezes you.
Found 33 gold pieces.
There is a stone staircase leading up, spattered with blood here.
Unknown command.
Casting: Shock (safe; 3% risk of failure)
Confirm with . or Enter, or press ? or * to list all spells.
Aiming: Sting (safe; 2% risk of failure)
Press: ? - help, Shift-Dir - straight line, f - centaur
Aim: a centaur, wielding a +4 orcbow of freezing (85% to hit)
The sting hits the centaur.
The centaur is poisoned.
The centaur is moderately wounded.
The centaur shoots an arrow.
The arrow hits you!
* * * LOW HITPOINT WARNING * * *
The arrow freezes you.
* * * LOW HITPOINT WARNING * * *
Unknown command.
Casting: Sting (safe; 2% risk of failure)
Confirm with . or Enter, or press ? or * to list all spells.
Aiming: Sting (safe; 2% risk of failure)
Press: ? - help, Shift-Dir - straight line, f/p - centaur
Aim: a centaur, wielding a +4 orcbow of freezing (moderately wounded, poisoned, 85% to hit)
The sting hits the centaur.
The centaur looks even sicker.
The centaur is moderately wounded.
The centaur shoots an arrow.
The arrow hits you!
* * * LOW HITPOINT WARNING * * *
The arrow freezes you.
You die...

Skill      XL: |  1  2  3  4  5  6  7 |
---------------+----------------------+-----
Transmutations | 1 2 |  2.8
Poison Magic   | 3 4 |  4.1
Conjurations   | 1 2 |  2.4
Air Magic      | 2 3 |  3.0
Ranged Weapons | 1 2 |  2.2
Evocations     | 2 |  2.5
Spellcasting   | 3 |  3.2
Fighting       | 2 |  2.1
Stealth        | |  4.8

Action                     |  1- 3 |  4- 6 |  7- 9 || total
---------------------------+-------+-------+-------++-------
  Melee: Club              |    48 |       |       ||    48
         Constrict         |    13 |       |       ||    13
         Tentacles         |     3 |       |       ||     3
   Fire: Sling             |    16 |   120 |    36 ||   172
   Cast: Sting             |    22 |    73 |    12 ||   107
         Shock             |     7 |     2 |    10 ||    19
         Mephitic Cloud    |       |       |     1 ||     1
         Ignite Poison     |       |       |     1 ||     1
    Use: Scroll            |       |     3 |     5 ||     8
         Potion            |       |       |     1 ||     1
   Stab: Sleeping          |     5 |       |       ||     5
         Distracted        |     1 |       |       ||     1
 Armour: Skin              |     6 |     5 |    12 ||    23
  Dodge: Dodged            |    36 |    46 |    29 ||   111

Levels and vault maps discovered:
D:1:      moated_graveyard_arrival, layout_basic
D:2:      layout_basic, minmay_tetromino_s4
D:3:      cheibrodos_pilgrimage, layout_rooms, kennysheep_cross_room
D:4:      layout_rooms, tgw_trog, gammafunk_ghost_split, minivault_25
D:5:      layout_layer_cave, kennysheep_mini, minmay_temple_entry_trees,
          minmay_misc_feat_rugged, minmay_misc_feat_diagonals
Temple:   bh_familiar_temple

Notes
Turn   | Place    | Note
-------+----------+-------------------------------------------
     0 | D:1      | Jeffwins the Octopode Wanderer began the quest for the Orb.
     0 | D:1      | Jeffwins set off with the following items: a +0 club, a
                  | scroll of blinking, a +0 hat; and the following spells
                  | available to memorise: Sting, Shock, Mephitic Cloud, Ignite
                  | Poison.
     0 | D:1      | Reached XP level 1. HP: 13/13 MP: 3/3
     8 | D:1      | Learned a level 1 spell: Sting
    74 | D:1      | Reached XP level 2. HP: 18/18 MP: 0/5
   207 | D:1      | Learned a level 1 spell: Shock
   668 | D:1      | Reached XP level 3. HP: 19/23 MP: 0/6
   734 | D:1      | Learned a level 3 spell: Mephitic Cloud
   883 | D:1      | Reached skill level 1 in Transmutations
  1684 | D:2      | Reached XP level 4. HP: 25/28 MP: 4/7
  1942 | D:2      | Reached skill level 3 in Poison Magic
  2429 | D:3      | Identified the scarf "Ipo Xeir" {shadows, *Slow rPois rN+}
  2587 | D:3      | Reached skill level 1 in Conjurations
  2587 | D:3      | Reached skill level 2 in Air Magic
  2653 | D:3      | Reached XP level 5. HP: 24/33 MP: 3/8
  3065 | D:4      | Reached skill level 1 in Ranged Weapons
  3065 | D:4      | Reached skill level 2 in Evocations
  3204 | D:4      | Noticed a moth of wrath
  3208 | D:4      | Found a bloodstained altar of Trog.
  3450 | D:4      | Identified the +5 dagger of Ruination {drain, Drain rElec
                  | Int+4 Dex-3}
  3518 | D:4      | Noticed knightboat's ghost (amateur BaWr)
  3527 | D:4      | Found a runed translucent gate.
  3527 | D:4      | Found a runed translucent gate.
  3561 | D:4      | Reached skill level 2 in Transmutations
  3660 | D:4      | Reached XP level 6. HP: 37/39 MP: 5/10
  3664 | D:4      | Learned a level 3 spell: Ignite Poison
  3723 | D:4      | Found a runed translucent gate.
  4217 | D:5      | Entered Level 5 of the Dungeon
  4295 | D:5      | Reached skill level 2 in Conjurations
  4334 | D:5      | Noticed a black bear
  4342 | D:5      | Killed a black bear
  4343 | D:5      | Reached skill level 3 in Spellcasting
  4343 | D:5      | Reached XP level 7. HP: 36/44 MP: 3/11
  4477 | D:5      | Reached skill level 2 in Fighting
  4477 | D:5      | Reached skill level 2 in Ranged Weapons
  4477 | D:5      | Reached skill level 4 in Poison Magic
  4693 | D:5      | Found a staircase to the Ecumenical Temple.
  4705 | Temple   | Entered the Ecumenical Temple
  4888 | Temple   | Became a worshipper of Vehumet
  5030 | D:5      | Reached skill level 3 in Air Magic
  5344 | D:5      | HP: 3/45 [centaur/arrow (12)]
  5344 | D:5      | Shot with an arrow by a centaur

Vanquished Creatures
  A black bear (D:5)
  A centaur (D:5)
  2 scorpions
  2 hounds
  An orc priest (D:3)
  A jelly (D:5)
  An orc wizard (D:4)
  3 gnolls (D:4)
  6 adders
  A white imp (D:5)
  5 worms
  4 dart slugs
  15 orcs
  5 ball pythons
  9 endoplasms
  3 giant cockroaches (D:1)
  8 goblins
  5 hobgoblins
  2 jackals (D:1)
  5 kobolds
  2 quokkas
  5 bats
  5 frilled lizards
  11 rats
103 creatures vanquished.

Table legend: (Time is in decaauts)
 A = Elapsed time spent in this place.
 B = Non-inter-level travel time spent in this place.
 C = Inter-level travel time spent in this place.
 D = Time resting spent in this place.
 E = Time spent auto-exploring this place.
 F = Levels seen in this place.
 G = Mean time per level.
                   A        B        C        D        E       F      G
               +--------+--------+--------+--------+--------+-----+--------+
         Total |   5415 |   5211 |    204 |    520 |   3725 |   6 |  902.5 |
       Dungeon |   5196 |   5048 |    148 |    520 |   3569 |   5 | 1039.2 |
        Temple |    219 |    163 |     56 |      0 |    156 |   1 |  219.0 |
               +--------+--------+--------+--------+--------+-----+--------+

Top non-repeatable levels by time:
     D:4: 1474 daAuts
     D:1: 1254 daAuts
     D:2: 1077 daAuts
     D:5: 809 daAuts
     D:3: 580 daAuts
  Temple: 219 daAuts

Table legend:
 A = Non-vault XP
 B = Vault XP
 C = Vault XP percentage of total XP
 D = Non-vault monster count
 E = Vault monster count
 F = Vault count percentage of total count
                 A         B        C        D         E       F
            +---------+---------+-------+---------+---------+-------
      Total |     865 |      62 |   6.7 |      93 |      10 |   9.7
            +---------+---------+-------+---------+---------+-------
        D:1 |      52 |       0 |   0.0 |      28 |       0 |   0.0
        D:2 |      43 |       0 |   0.0 |      18 |       0 |   0.0
        D:3 |      27 |      53 |  66.2 |       8 |       5 |  38.5
        D:4 |     317 |       9 |   2.8 |      32 |       5 |  13.5
        D:5 |     426 |       0 |   0.0 |       7 |       0 |   0.0
            +---------+---------+-------+---------+---------+-------
